TOP OF THE 1ST |
Portland Angels batting - Pitching for Americus Braves : LHP Jose Reyes
|
Pitching: LHP Jose Reyes
|
|
Batting: RHB Scott Webb
|
0-0: Ball 1-0: Ball 2-0: Ball 3-0: Called Strike 3-1: Base on Balls
|
Batting: RHB Steve Neely
|
0-0: Called Strike 0-1: Swinging Strike 0-2: Strikes out swinging
|
Batting: LHB Pavla Markianov
|
Balk! Scott Webb to second 0-0: Called Strike 0-1: Ball 1-1: Ball 2-1: Foul Ball, location: 2F 2-2: Ball 3-2: Single, Error in OF, E7, batter to second base (Groundball, 5D, EV 100.6 MPH) Scott Webb scores
|
Batting: RHB Alex Rosaly
|
0-0: Called Strike 0-1: Swinging Strike 0-2: Strikes out looking
|
Batting: RHB Shawn Jansen
|
0-0: Ball 1-0: Called Strike 1-1: Foul Ball, location: 2F 1-2: Foul Ball, location: 2F 1-2: Ball 2-2: Ball 3-2: Ground out 5-3 (Groundball, 56, EV 104.4 MPH)
|
Top of the 1st over - 1 run, 1 hit, 1 error, 1 left on base; Portland 1 - Americus 0 |
BOTTOM OF THE 1ST |
Americus Braves batting - Pitching for Portland Angels : LHP Alejandro Jimenez
|
Pitching: LHP Alejandro Jimenez
|
|
Batting: RHB Ryan Cole
|
0-0: Called Strike 0-1: Swinging Strike 0-2: Foul Ball, location: 2F 0-2: Foul Ball, location: 2F 0-2: Ball 1-2: Strikes out swinging
|
Batting: RHB Josh Maxwell
|
0-0: SINGLE (Groundball, 6MD, EV 98.1 MPH)
|
Batting: LHB Garret Mathis
|
0-0: Called Strike 0-1: Called Strike 0-2: Ball 1-2: Ball 2-2: Foul Ball, location: 2F 2-2: Foul Ball, location: 2F 2-2: Ball 3-2: Grounds into double play, 4-6-3 (Groundball, 4, EV 86.9 MPH)
|
Bottom of the 1st over - 0 runs, 1 hit, 0 errors, 0 left on base; Portland 1 - Americus 0 |
TOP OF THE 2ND |
Portland Angels batting - Pitching for Americus Braves : LHP Jose Reyes
|
Batting: RHB Jose Garduno
|
0-0: Called Strike 0-1: Ball 1-1: Ground out 4-3 (Groundball, 4, EV 103.8 MPH)
|
Batting: LHB Miguel Hernandez
|
0-0: Ball 1-0: Ball 2-0: DOUBLE (Line Drive, 89M, EV 100.0 MPH)
|
Batting: LHB David Coatney
|
0-0: DOUBLE (Line Drive, 78D, EV 108.1 MPH) Miguel Hernandez scores
|
Batting: LHB John Harvey
|
0-0: Ball 1-0: Ground out 4-3 (Groundball, 4, EV 85.0 MPH) David Coatney to third
|
Batting: RHB Scott Webb
|
0-0: Ball 1-0: Called Strike 1-1: Ball 2-1: Swinging Strike 2-2: Ball 3-2: Fly out, F7 (Line Drive, 7, EV 99.4 MPH)
|
Top of the 2nd over - 1 run, 2 hits, 0 errors, 1 left on base; Portland 2 - Americus 0 |
BOTTOM OF THE 2ND |
Americus Braves batting - Pitching for Portland Angels : LHP Alejandro Jimenez
|
Batting: RHB Wilson Salgado
|
0-0: Swinging Strike 0-1: Ball 1-1: Fly out, F8 (Flyball, 8LD, EV 100.6 MPH)
|
Batting: RHB Alex Guerra
|
0-0: Ball 1-0: Ball 2-0: Ball 3-0: Base on Balls
|
Batting: RHB Bill Horne
|
0-0: Swinging Strike 0-1: Swinging Strike 0-2: Ball 1-2: Ground out 6-3 (Groundball, 6, EV 109.4 MPH) Alex Guerra to second
|
Batting: RHB Chris Foss
|
0-0: Ball 1-0: Called Strike 1-1: Ball 2-1: Foul Ball, location: 2F 2-2: Fly out, F3 (Flyball, 3D, EV 98.1 MPH)
|
Bottom of the 2nd over - 0 runs, 0 hits, 0 errors, 1 left on base; Portland 2 - Americus 0 |
TOP OF THE 3RD |
Portland Angels batting - Pitching for Americus Braves : LHP Jose Reyes
|
Batting: RHB Steve Neely
|
0-0: Ball 1-0: Called Strike 1-1: Ball 2-1: Ball 3-1: Foul Ball, location: 2F 3-2: SOLO HOME RUN (Flyball, 89XD, EV 110.0 MPH), Distance : 419 ft
|
Batting: LHB Pavla Markianov
|
0-0: Called Strike 0-1: Hit by Pitch
|
Batting: RHB Alex Rosaly
|
0-0: Called Strike 0-1: Ball 1-1: Called Strike 1-2: Ball 2-2: Ball 3-2: Base on Balls Pavla Markianov to second
|
Batting: RHB Shawn Jansen
|
0-0: Ball Pavla Markianov steals 3rd base 1-0: Ball 2-0: Fly out, F8 (Flyball, 8RD, EV 91.2 MPH) Runner from 3rd tags up, OUT at HOME! 8-2 Alex Rosaly to second
|
Batting: RHB Jose Garduno
|
0-0: Swinging Strike 0-1: Ball 1-1: Ball 2-1: Ball 3-1: Called Strike 3-2: Strikes out swinging
|
Top of the 3rd over - 1 run, 1 hit, 0 errors, 1 left on base; Portland 3 - Americus 0 |
BOTTOM OF THE 3RD |
Americus Braves batting - Pitching for Portland Angels : LHP Alejandro Jimenez
|
Batting: RHB Bart Stevensdick
|
0-0: Foul Ball, location: 2F 0-1: SINGLE (Groundball, 6D, EV 110.0 MPH)
|
Batting: RHB Juan Barela
|
0-0: Fielders Choice at 2nd, 4-6 (Groundball, 4M, EV 98.8 MPH)
|
Batting: RHB Ryan Cole
|
0-0: Called Strike 0-1: Ball 1-1: Foul Ball, location: 2F 1-2: SINGLE (Flyball, 9S, EV 90.0 MPH) Juan Barela to second
|
Batting: RHB Josh Maxwell
|
0-0: Called Strike 0-1: Ball 1-1: Ball 2-1: Foul Ball, location: 2F 2-2: Fly out, F6 (Popup, 6MD, EV 65.6 MPH)
|
Batting: LHB Garret Mathis
|
0-0: Called Strike 0-1: Foul Ball, location: 2F 0-2: Ball 1-2: Foul Ball, location: 2F 1-2: Strikes out swinging
|
Bottom of the 3rd over - 0 runs, 2 hits, 0 errors, 2 left on base; Portland 3 - Americus 0 |
TOP OF THE 4TH |
Portland Angels batting - Pitching for Americus Braves : LHP Jose Reyes
|
Batting: LHB Miguel Hernandez
|
0-0: Swinging Strike 0-1: Swinging Strike 0-2: Strikes out swinging
|
Batting: LHB David Coatney
|
0-0: Ball 1-0: Ball 2-0: Ball 3-0: Base on Balls
|
Batting: LHB John Harvey
|
0-0: Called Strike 0-1: Foul Ball, location: 2F 0-2: Strikes out looking
|
Batting: RHB Scott Webb
|
0-0: Ball 1-0: Foul Ball, location: 2F 1-1: Called Strike 1-2: Ball 2-2: Ball 3-2: Strikes out looking
|
Top of the 4th over - 0 runs, 0 hits, 0 errors, 1 left on base; Portland 3 - Americus 0 |
BOTTOM OF THE 4TH |
Americus Braves batting - Pitching for Portland Angels : LHP Alejandro Jimenez
|
Batting: RHB Wilson Salgado
|
0-0: Foul Ball, location: 2F 0-1: SINGLE (Groundball, 34D, EV 94.4 MPH)
|
Batting: RHB Alex Guerra
|
0-0: Ball 1-0: Fly out, F7 (Flyball, 7D, EV 102.5 MPH)
|
Batting: RHB Bill Horne
|
0-0: Called Strike 0-1: Called Strike 0-2: Fly out, F4 (Popup, 4, EV 52.5 MPH)
|
Batting: RHB Chris Foss
|
0-0: Called Strike 0-1: Ball 1-1: Called Strike 1-2: Strikes out looking
|
Bottom of the 4th over - 0 runs, 1 hit, 0 errors, 1 left on base; Portland 3 - Americus 0 |
TOP OF THE 5TH |
Portland Angels batting - Pitching for Americus Braves : LHP Jose Reyes
|
Batting: RHB Steve Neely
|
0-0: Foul Ball, location: 2F 0-1: Ball 1-1: Ball 2-1: Ball 3-1: Base on Balls
|
Batting: LHB Pavla Markianov
|
0-0: Ball 1-0: Ball 2-0: Called Strike 2-1: Ball 3-1: Base on Balls Steve Neely to second
|
Batting: RHB Alex Rosaly
|
0-0: Ball 1-0: Ball 2-0: Ball 3-0: Called Strike 3-1: Called Strike Steve Neely steals 3rd base Pavla Markianov to second 3-2: Foul Ball, location: 2F 3-2: Ground out 4-3 (Groundball, 4, EV 86.9 MPH) Steve Neely scores Pavla Markianov to third
|
Batting: RHB Shawn Jansen
|
0-0: Called Strike 0-1: Ball Wild Pitch! Pavla Markianov scores 1-1: Ball 2-1: Fly out, F8 (Flyball, 8LD, EV 93.1 MPH)
|
Batting: RHB Jose Garduno
|
0-0: Called Strike 0-1: Ball 1-1: Foul Ball, location: 2F 1-2: Strikes out swinging
|
Top of the 5th over - 2 runs, 0 hits, 0 errors, 0 left on base; Portland 5 - Americus 0 |
BOTTOM OF THE 5TH |
Americus Braves batting - Pitching for Portland Angels : LHP Alejandro Jimenez
|
Batting: RHB Bart Stevensdick
|
0-0: Ground out 6-3 (Groundball, 6M, EV 101.9 MPH)
|
Batting: RHB Juan Barela
|
0-0: Ground out 1-3 (Groundball, P, EV 66.9 MPH)
|
Batting: RHB Ryan Cole
|
0-0: SINGLE (Line Drive, 89S, EV 88.8 MPH)
|
Batting: RHB Josh Maxwell
|
0-0: Ball 1-0: Ball 2-0: Ball 3-0: Base on Balls Ryan Cole to second
|
Batting: LHB Garret Mathis
|
0-0: Ball 1-0: Ball 2-0: Foul Ball, location: 2F 2-1: Ball 3-1: Called Strike 3-2: Base on Balls Ryan Cole to third Josh Maxwell to second
|
Batting: RHB Wilson Salgado
|
0-0: Called Strike 0-1: Ball Wild Pitch! Ryan Cole scores Josh Maxwell to third Garret Mathis to second 1-1: Foul Ball, location: 2F 1-2: Ball 2-2: Foul Ball, location: 2F 2-2: Foul Ball, location: 2F 2-2: Foul Ball, location: 2F 2-2: Ground out 5-3 (Groundball, 56S, EV 68.1 MPH)
|
Bottom of the 5th over - 1 run, 1 hit, 0 errors, 2 left on base; Portland 5 - Americus 1 |
TOP OF THE 6TH |
Portland Angels batting - Pitching for Americus Braves : LHP Jose Reyes
|
Pitching: RHP Norm Wamboldt
|
|
Batting: LHB Miguel Hernandez
|
0-0: Foul Ball, location: 2F 0-1: Ball 1-1: Swinging Strike 1-2: Strikes out swinging
|
Batting: LHB David Coatney
|
0-0: Ground out 4-3 (Groundball, 4, EV 88.1 MPH)
|
Batting: LHB John Harvey
|
0-0: Ball 1-0: Foul Ball, location: 2F 1-1: Ball 2-1: Called Strike 2-2: Ball 3-2: Strikes out swinging
|
Top of the 6th over - 0 runs, 0 hits, 0 errors, 0 left on base; Portland 5 - Americus 1 |
BOTTOM OF THE 6TH |
Americus Braves batting - Pitching for Portland Angels : LHP Alejandro Jimenez
|
Pitching: RHP Austin Raymond
|
|
Batting: RHB Alex Guerra
|
0-0: Called Strike 0-1: Fly out, F8 (Line Drive, 89M, EV 105.6 MPH)
|
Batting: RHB Bill Horne
|
0-0: Ball 1-0: Ball 2-0: Foul Ball, location: 2F 2-1: Fly out, F3 (Popup, 34S, EV 79.4 MPH)
|
Batting: RHB Chris Foss
|
0-0: Called Strike 0-1: SINGLE (Groundball, 56D, EV 104.4 MPH)
|
Batting: RHB Bart Stevensdick
|
0-0: Swinging Strike 0-1: Ball 1-1: Foul Ball, location: 2F 1-2: Ball 2-2: Foul Ball, location: 2F 2-2: Strikes out swinging
|
Bottom of the 6th over - 0 runs, 1 hit, 0 errors, 1 left on base; Portland 5 - Americus 1 |
TOP OF THE 7TH |
Portland Angels batting - Pitching for Americus Braves : RHP Norm Wamboldt
|
Batting: RHB Scott Webb
|
0-0: Ball 1-0: Ball 2-0: Ball 3-0: Called Strike 3-1: Base on Balls
|
Batting: RHB Steve Neely
|
0-0: Called Strike 0-1: Sac Bunt to 15 - play at first, batter OUT! 1-3 Scott Webb to second
|
Batting: LHB Pavla Markianov
|
0-0: Foul Ball, location: 2F 0-1: Ball 1-1: Ball 2-1: Foul Ball, location: 2F 2-2: Ball 3-2: Fly out, F8 (Flyball, 78D, EV 94.4 MPH)
|
Batting: RHB Alex Rosaly
|
0-0: Ball 1-0: Called Strike 1-1: Ball 2-1: Swinging Strike 2-2: Ball 3-2: Foul Ball, location: 2F 3-2: Strikes out swinging
|
Top of the 7th over - 0 runs, 0 hits, 0 errors, 1 left on base; Portland 5 - Americus 1 |
BOTTOM OF THE 7TH |
Americus Braves batting - Pitching for Portland Angels : RHP Austin Raymond
|
Batting: RHB Juan Barela
|
0-0: Swinging Strike 0-1: Ball 1-1: Called Strike 1-2: Ball 2-2: Strikes out swinging
|
Batting: RHB Ryan Cole
|
0-0: Called Strike 0-1: Swinging Strike 0-2: Strikes out looking
|
Batting: RHB Josh Maxwell
|
0-0: Called Strike 0-1: Foul Ball, location: 2F 0-2: Strikes out looking
|
Bottom of the 7th over - 0 runs, 0 hits, 0 errors, 0 left on base; Portland 5 - Americus 1 |
TOP OF THE 8TH |
Portland Angels batting - Pitching for Americus Braves : RHP Norm Wamboldt
|
Batting: RHB Shawn Jansen
|
0-0: Ball 1-0: Ball 2-0: Foul Ball, location: 2F 2-1: Foul Ball, location: 2F 2-2: Ball 3-2: Base on Balls
|
Pitching: LHP Ben Woods
|
|
Batting: RHB Jose Garduno
|
0-0: Foul Ball, location: 2F 0-1: Ball 1-1: Ball 2-1: Swinging Strike 2-2: Fly out, F9 (Flyball, 9S, EV 86.2 MPH)
|
Pinch Hitting: SHB Cesar Carrasquillo
|
0-0: Swinging Strike 0-1: Foul Ball, location: 2F 0-2: Foul Ball, location: 2F 0-2: Ball 1-2: Fly out, F4 (Line Drive, 4, EV 69.4 MPH)
|
Batting: LHB David Coatney
|
0-0: Fly out, F2 (Popup, 25F, EV 81.9 MPH)
|
Top of the 8th over - 0 runs, 0 hits, 0 errors, 1 left on base; Portland 5 - Americus 1 |
BOTTOM OF THE 8TH |
Americus Braves batting - Pitching for Portland Angels : RHP Austin Raymond
|
Now in LF: Dan Contreras
|
|
Now in RF: David Coatney
|
|
Batting: LHB Garret Mathis
|
0-0: Ball 1-0: Foul Ball, location: 2F 1-1: DOUBLE (Line Drive, 78D, EV 108.1 MPH)
|
Batting: RHB Wilson Salgado
|
0-0: Ball Wild Pitch! Garret Mathis to third 1-0: Ball 2-0: Ball 3-0: Called Strike 3-1: Base on Balls
|
Pinch Hitting: RHB Scott Hansen
|
0-0: Called Strike 0-1: Ball 1-1: Swinging Strike 1-2: Ball 2-2: SINGLE (Line Drive, 4MD, EV 103.1 MPH) Garret Mathis scores Wilson Salgado to second
|
Batting: RHB Bill Horne
|
0-0: Fly out, F8 (Flyball, 8RD, EV 85.0 MPH)
|
Batting: RHB Chris Foss
|
0-0: Grounds into double play, 6-4-3 (Groundball, 6S, EV 83.8 MPH)
|
Bottom of the 8th over - 1 run, 2 hits, 0 errors, 1 left on base; Portland 5 - Americus 2 |
TOP OF THE 9TH |
Portland Angels batting - Pitching for Americus Braves : LHP Ben Woods
|
Now in LF: Scott Hansen
|
|
Now in RF: Josh Maxwell
|
|
Pinch Hitting: SHB Manuel Martinez
|
0-0: Ball 1-0: Foul Ball, location: 2F 1-1: Ball 2-1: Called Strike 2-2: Ground out U3 (Groundball, 3, EV 101.9 MPH)
|
Batting: RHB Scott Webb
|
0-0: Called Strike 0-1: Foul Ball, location: 2F 0-2: Ball 1-2: Ball 2-2: Ball 3-2: Foul Ball, location: 2F 3-2: Fly out, F9 (Flyball, 9LS, EV 78.8 MPH)
|
Batting: RHB Steve Neely
|
0-0: SINGLE (Line Drive, 8RS, EV 99.4 MPH)
|
Batting: LHB Pavla Markianov
|
0-0: Ball 1-0: Foul Ball, location: 2F 1-1: Foul Ball, location: 2F 1-2: Ball 2-2: Fly out, F6 (Popup, 6M, EV 52.5 MPH)
|
Top of the 9th over - 0 runs, 1 hit, 0 errors, 1 left on base; Portland 5 - Americus 2 |
BOTTOM OF THE 9TH |
Americus Braves batting - Pitching for Portland Angels : RHP Austin Raymond
|
Pitching: RHP Chad Kraemer
|
|
Now at C: Manuel Martinez
|
|
Now at SS: Pavla Markianov
|
|
Pinch Hitting: RHB Ricardo Joya
|
0-0: Called Strike 0-1: Foul Ball, location: 2F 0-2: Foul Ball, location: 2F 0-2: Strikes out swinging
|
Pinch Hitting: RHB Jose Florez
|
0-0: Fly out, F9 (Flyball, 89S, EV 94.4 MPH)
|
Batting: RHB Ryan Cole
|
0-0: Ball 1-0: Called Strike 1-1: Fly out, F8 (Flyball, 8RD, EV 100.6 MPH)
|
Bottom of the 9th over - 0 runs, 0 hits, 0 errors, 0 left on base; Portland 5 - Americus 2 |
|